 Dungeon Crawl Stone Soup version 0.30-a0-381-g6ea064c7b4 (webtiles) character file.

Game seed: 8407210785727218235

12 qeuew the Magician (level 2, 0/15 HPs)
             Began as a Deep Elf Hedge Wizard on Dec 1, 2022.
             Was a Follower of the Shining One.
             Slain by a hobgoblin (3 damage)
             ... on level 1 of the Dungeon.
             The game lasted 00:00:35 (421 turns).

qeuew the Magician (Deep Elf Hedge Wizard)           Turns: 421, Time: 00:00:35

Health: 0/15       AC:  2    Str:  7    XL:     2   Next: 20%
Magic:  4/9        EV: 12    Int: 18    God:    the Shining One [*.....]
Gold:   30         SH:  0    Dex: 14    Spells: 9/10 levels left

rFire   . . .      SeeInvis .    a - +0 dagger
rCold   . . .      Faith    .    (no shield)
rNeg    . . .      Spirit   .    b - +0 robe
rPois   .          Reflect  .    c - +0 hat
rElec   .          Harm     .    (no cloak)
rCorr   .          Rampage  .    (no gloves)
Will    .....                    (no boots)
Stlth   +.........               (no amulet)
HPRegen 0.22/turn                (no ring)
MPRegen 0.11/turn                (no ring)

@: very slightly contaminated, glowing, very slow
A: no striking features
a: Renounce Religion, Divine Shield


You were on level 1 of the Dungeon.
You worshipped the Shining One.
The Shining One was aware of your devotion.
You visited 1 branch of the dungeon, and saw 1 of its levels.

You collected 30 gold pieces.

Inventory:

Hand Weapons
 a - a +0 dagger (weapon)
Armour
 b - a +0 robe (worn)
 c - a +0 hat (worn)
Scrolls
 e - a scroll of identify {unknown}
 f - a scroll of fear {unknown}
Potions
 d - a potion of magic
 g - a potion of lignification {unknown}


   Skills:
 + Level 0.2 Short Blades
 * Level 2.6 Dodging
 * Level 2.7 Stealth
 * Level 4.5 Spellcasting
 * Level 1.3 Conjurations
 + Level 1.2 Summonings
 + Level 1.5 Translocations
 + Level 0.0 Invocations


You had 9 spell levels left.
You knew the following spells:

 Your Spells              Type           Power      Damage    Failure   Level
a - Magic Dart            Conj           36%        1d4       8%          1

Your spell library contained the following spells:

 Spells                   Type           Power      Damage    Failure   Level
 Blink                    Tloc           18%        N/A       12%         2
 Call Imp                 Summ           8%         N/A       13%         2
 Slow                     Hex            16%        N/A       14%         1
 Cigotuvi's Dreadful Rot  Necr/Pois/Air  8%         N/A       22%         2
 Mephitic Cloud           Conj/Pois/Air  5%         N/A       34%         3


Dungeon Overview and Level Annotations

Branches:
Dungeon (1/15)

Altars:
The Shining One


Message History

You hit the hobgoblin but do no damage.
The hobgoblin is severely wounded.
The hobgoblin barely misses you. The rat misses you.
The goblin hits you but does no damage.
There are monsters nearby!
The magic dart hits the hobgoblin.
The hobgoblin is almost dead.
The quokka misses you. The hobgoblin closely misses you.
The rat bites you but does no damage. The goblin barely misses you.
There are monsters nearby!
You hit the hobgoblin but do no damage.
The hobgoblin is almost dead.
The quokka barely misses you.
The hobgoblin hits you but does no damage.
The rat bites you but does no damage. The goblin misses you.
The quokka splashes around in the water.
You miscast Magic Dart.
Nothing appears to happen.
The hobgoblin hits you.
The quokka splashes around in the water.
The rat splashes around in the water.
The goblin hits you with a +0 dagger.
There are monsters nearby!
You are too injured to fight recklessly!
You are too injured to fight recklessly!
There are monsters nearby!
You are too injured to fight recklessly!
You are too injured to fight recklessly!
There are monsters nearby!
You are too injured to fight recklessly!
You are too injured to fight recklessly!
There are monsters nearby!
You are too injured to fight recklessly!
You are too injured to fight recklessly!
Your unstable footing causes you to fumble your attack.
The hobgoblin closely misses you. The quokka closely misses you.
The rat bites you but does no damage. The goblin closely misses you.
You barely miss the hobgoblin.
The hobgoblin is almost dead.
The quokka bites you.
* * * LOW HITPOINT WARNING * * *
The hobgoblin hits you.
You die...

######## #### ..♣.P..#
~~.# #.~~~P.##
~..######### ♣~~~P~P.#
...†.......# ###~..~~...
.#########.# #..gr≈~.~♣.
........##.###.P@~≈≈~...
..............ggr♣≈≈~~..
####........###.J~≈≈~.P.
# #..#.....# #P~~~~~~♣.
####....#...# ##~.~♣~~..
...†....#...# ..P~~.P..
##........... ....P....
..)......###.. .###....
##†....†.....# ....


You could see an endoplasm, a quokka, 2 hobgoblins, a goblin and a rat.

Vanquished Creatures
  2 bats (D:1)
  A giant cockroach (D:1)
  2 hobgoblins (D:1)
  4 ball pythons (D:1)
  A goblin (D:1)
  A kobold (D:1)
  A rat (D:1)
12 creatures vanquished.

Notes
Turn   | Place    | Note
-------+----------+-------------------------------------------
     0 | D:1      | qeuew the Deep Elf Hedge Wizard began the quest for the
                  | Orb.
     0 | D:1      | Reached XP level 1. HP: 10/10 MP: 7/7
   102 | D:1      | Found a faded altar of an unknown god.
   140 | D:1      | Prayed at the altar of an unknown god.
   140 | D:1      | Became a worshipper of the Shining One
   140 | D:1      | Reached * piety under the Shining One
   250 | D:1      | Reached XP level 2. HP: 15/15 MP: 0/9
   421 | D:1      | Slain by a hobgoblin

Illustrated notes

Levels and vault maps discovered:
D:1:      lemuel_arrival_rhombus, layout_loops_ring,
          shapermc_ecumenical_altar_totnotflames, serial_bayou_pond_b,
          moated_statue

Action                   || total
-------------------------++-------
Melee: Dagger            ||    11
 Cast: Magic Dart        ||    26
Armor: Robe              ||     9
Dodge: Dodged            ||    25

Table legend: (Time is in decaauts)
 A = Elapsed time spent in this place.
 B = Non-inter-level travel time spent in this place.
 C = Inter-level travel time spent in this place.
 D = Time resting spent in this place.
 E = Time spent auto-exploring this place.
 F = Levels seen in this place.
 G = Mean time per level.
                   A        B        C        D        E       F      G
               +--------+--------+--------+--------+--------+-----+--------+
         Total |    421 |    412 |      9 |      0 |    338 |   1 |  421.0 |
       Dungeon |    421 |    412 |      9 |      0 |    338 |   1 |  421.0 |
               +--------+--------+--------+--------+--------+-----+--------+

Top non-repeatable levels by time:
     D:1: 421 daAuts
